[Event "Titled Tuesday Blitz February 07 Late 2023"]
[White "Dzierzak, Radoslaw"]
[Black "Manukyan, Sargis A."]
[WhiteFideId "1161407"]
[BlackFideId "13303970"]
[WhiteElo "2220"]
[BlackElo "2158"]
[Result "1/2-1/2"]
[Round "04"]
[TimeControl "180+2"]
[Date "2023.02.07"]
[WhiteClock "0:00:13"]
[BlackClock "0:00:42"]

1. e4 c5 2. Nf3 d6 3. d4 cxd4 4. Nxd4 Nf6 5. Nc3 g6 6. g3 Bg7 7. Bg2 O-O 8. O-O Nc6 9. Nde2 Be6 10. h3 Rb8 11. a4 a6 12. Be3 b5 13. axb5 axb5 14. Nd5 Bxd5 15. exd5 Ne5 16. b3 Ra8 17. Qd2 Qc7 18. Nd4 Qb7 19. Nc6 Nxc6 20. dxc6 Qc7 21. Rxa8 Rxa8 22. Qb4 Rb8 23. Ra1 Nd5 24. Ra7 Qxc6 25. Bxd5 Qxd5 26. Rxe7 Ra8 27. Ra7 Rxa7 28. Bxa7 Be5 29. Qe1 Qf3 30. Be3 h5 31. h4 Qe4 32. Qd2 d5 33. Qd3 Qf3 34. Bc5 Qxd3 35. cxd3 Kg7 36. Kg2 Kf6 37. f4 Bc3 38. Kf3 Kf5 39. Be3 Bb4 40. Bd4 Be1 41. Be3 Ke6 42. Bc5 Kd7 43. Bd4 Kc6 44. Kg2 Kb7 45. Kf3 Ka6 46. Bc5 Ka5 47. Kg2 Ka6 48. Kf3 Ka5 49. Be7 Bb4 50. Bd8+ Ka6 51. g4 f5 52. gxh5 gxh5 53. Ke3 Bc5+ 54. Kf3 Bd4 55. Bc7 Kb7 56. Bd8 Kc8 57. Ba5 Kd7 58. Bb4 Kc6 59. Bf8 Bc5 60. Bg7 Bd6 61. Bc3 Kc5 62. Ke3 Bc7 63. b4+ Kc6 64. d4 Bd8 65. Be1 Be7 66. Kd3 Kd7 67. Ke3 Ke6 68. Kd3 Kf7 69. Ke3 Bd6 70. Kf3 Bc7 71. Ke3 Ke6 72. Kf3 Bb8 73. Ke3 Ba7 74. Kd3 Bb6 75. Ke3 Bd8 76. Kf3 Bf6 77. Ke3 Kf7 78. Kd3 Kg6 79. Ke3 Bg7 80. Kf3 Bh6 81. Ke3 Kf7 82. Kf3 Ke6 83. Ke3 Bg7 84. Kd3 Bf8 85. Ke3 Bd6 86. Kf3 Be7 87. Ke3 Kd7 88. Kd3 Bd8 89. Ke3 Bb6 90. Kd3 Kc6 91. Ke3 Ba7 92. Kd3 Bb8 93. Ke3 Bd6 94. Kf3 Kc7 95. Ke3 Kc8 96. Kf3 Bb8 97. Ke3 Kc7 98. Kf3 Kd6 99. Ke3 Ba7 100. Kd3 Ke6 101. Ke3 Bb6 102. Kd3 Bd8 103. Ke3 Bf6 104. Kd3 Bg7 105. Ke3 Bh6 106. Kf3 Bf8 107. Ke3 Be7 108. Kf3 Bd6 109. Ke3 Bc7 110. Kf3 Bd8 111. Ke3 Bb6 112. Kd3 Ba7 113. Ke3 Bb8 114. Kf3 1/2-1/2


[Site "https://www.chess.com"]

[Event "Titled Tuesday Blitz February 07 Late 2023"]
[White "Saya, Ethan"]
[Black "Di Berardino, Diego Rafael"]
[WhiteFideId "26095181"]
[BlackFideId "2105446"]
[WhiteElo "2181"]
[BlackElo "2479"]
[Result "1-0"]
[Round "04"]
[TimeControl "180+2"]
[Date "2023.02.07"]
[WhiteClock "0:00:49"]
[BlackClock "0:00:01"]

1. d4 d5 2. c4 e6 3. Nf3 Nf6 4. g3 Be7 5. Bg2 O-O 6. O-O dxc4 7. Qc2 a6 8. a4 Bd7 9. Rd1 Bc6 10. Bg5 b5 11. Bxf6 Bxf6 12. e4 Be7 13. Nc3 Nd7 14. d5 exd5 15. exd5 Bb7 16. axb5 axb5 17. Rxa8 Bxa8 18. Nxb5 Nb6 19. Nfd4 Nxd5 20. Qxc4 Nb6 21. Qe2 Bxg2 22. Kxg2 Qa8+ 23. Qf3 Qxf3+ 24. Kxf3 c5 25. Nc6 Bf6 26. b3 g6 27. Rc1 Nd7 28. Rd1 Rc8 29. Nca7 Rd8 30. Ke2 Re8+ 31. Kf1 Ne5 32. Kg2 h5 33. Rd5 Kg7 34. Rxc5 Nd3 35. Rd5 Nb4 36. Rd7 Re2 37. Nd6 Be7 38. Nac8 Nc6 39. Nxe7 Nxe7 40. b4 Nd5 41. Nxf7 Nc3 42. Ng5+ Kf6 43. h4 1-0


[Site "https://www.chess.com"]

[Event "Titled Tuesday Blitz February 07 Late 2023"]
[White "Koellner, Ruben Gideon"]
[Black "Sarkar, Justin"]
[WhiteFideId "12993093"]
[BlackFideId "2010011"]
[WhiteElo "2426"]
[BlackElo "2309"]
[Result "1-0"]
[Round "04"]
[TimeControl "180+2"]
[Date "2023.02.07"]
[WhiteClock "0:00:18"]
[BlackClock "0:00:01"]

1. d4 Nf6 2. Nf3 d5 3. e3 c5 4. c3 e6 5. Nbd2 b6 6. Ne5 Bb7 7. f4 Nbd7 8. Bd3 Be7 9. Qf3 O-O 10. O-O Ne8 11. Qh3 g6 12. Qh6 f5 13. g4 Nxe5 14. fxe5 fxg4 15. Rxf8+ Bxf8 16. Qf4 Qh4 17. Nf1 Bh6 18. Qf2 Qxf2+ 19. Kxf2 Ng7 20. Kg3 Rf8 21. Bd2 Nf5+ 22. Kxg4 cxd4 23. exd4 Bxd2 24. Nxd2 Ne3+ 25. Kg3 Nf5+ 26. Bxf5 Rxf5 27. Rf1 Rxf1 28. Nxf1 g5 29. h4 h6 30. hxg5 hxg5 31. Kg4 Ba6 32. Ne3 Bd3 33. Kxg5 Kf7 34. Kh6 a5 35. Ng4 b5 36. Nf2 Bc2 37. Nh3 b4 38. Ng5+ 1-0


[Site "https://www.chess.com"]

[Event "Titled Tuesday Blitz February 07 Late 2023"]
[White "Rottenwohrer Suarez, Juan"]
[Black "Klose, Eli"]
[WhiteFideId "32068182"]
[BlackFideId "16242955"]
[WhiteElo "2265"]
[BlackElo "1519"]
[Result "0-1"]
[Round "04"]
[TimeControl "180+2"]
[Date "2023.02.07"]
[WhiteClock "0:00:03"]
[BlackClock "0:01:33"]

1. Nf3 Nf6 2. g3 g6 3. Bg2 Bg7 4. O-O c5 5. b3 Nc6 6. Bb2 d6 7. c4 O-O 8. d4 cxd4 9. Nxd4 Bd7 10. Nc3 Qa5 11. e3 Rfe8 12. h3 Rac8 13. Qd2 Qh5 14. g4 Qa5 15. Rfd1 a6 16. Rac1 h5 17. f3 Nxd4 18. exd4 b5 19. Nd5 Qxd2 20. Rxd2 Bh6 21. Nxf6+ exf6 22. Rdc2 Bxc1 23. Bxc1 bxc4 24. bxc4 Ba4 25. Rc3 Re2 26. a3 Rc2 27. Rxc2 Bxc2 28. Bf1 hxg4 29. hxg4 Bb3 30. c5 dxc5 31. dxc5 Rxc5 32. Bb2 Bc4 33. Bxc4 Rxc4 34. Bxf6 Rf4 35. g5 Rxf3 36. Be7 Re3 37. Bd6 Re6 38. Bb4 Re5 39. Bd2 Kf8 40. Kf2 Ke8 41. Kf3 Re6 42. Bc3 Kd7 43. Kf4 Kc6 44. Bd4 Kb5 45. Bc3 Kc4 46. Bb4 Kb3 47. Bf8 a5 48. Bc5 a4 49. Bf8 Kc4 50. Bb4 Kd5 51. Bf8 Rc6 52. Bb4 Rc4+ 53. Ke3 Rxb4 54. axb4 a3 55. b5 a2 56. b6 0-1


[Site "https://www.chess.com"]

[Event "Titled Tuesday Blitz February 07 Late 2023"]
[White "Chylewski, Patryk"]
[Black "Remolar Gallen, Jose"]
[WhiteFideId "1186191"]
[BlackFideId "2215187"]
[WhiteElo "2281"]
[BlackElo "2285"]
[Result "0-1"]
[Round "04"]
[TimeControl "180+2"]
[Date "2023.02.07"]
[WhiteClock "0:00:02"]
[BlackClock "0:00:08"]

1. e4 c5 2. Nf3 d6 3. c3 Nf6 4. h3 e6 5. Bd3 Be7 6. Bc2 O-O 7. O-O b6 8. d4 Bb7 9. Re1 d5 10. e5 Ne4 11. Nbd2 Nxd2 12. Qxd2 Nc6 13. Qf4 cxd4 14. cxd4 Rc8 15. Bb1 Nb4 16. Qg3 Kh8 17. Bd2 Nc2 18. Bxc2 Rxc2 19. Bc3 b5 20. Rac1 Rxc1 21. Rxc1 b4 22. Bd2 Qd7 23. Bg5 Rc8 24. Rxc8+ Bxc8 25. Bxe7 Qxe7 26. Qf4 Qc7 27. Qd2 a5 28. Ne1 Ba6 29. Qc2 Qxc2 30. Nxc2 Bd3 31. Ne1 Bb1 32. a3 Kg8 33. Kf1 Kf8 34. Ke2 Ke7 35. Kd2 Kd7 36. axb4 axb4 37. g3 Kc6 38. Nf3 Kb5 39. b3 h6 40. Nh2 Bf5 41. h4 g5 42. hxg5 hxg5 43. Nf3 g4 44. Ne1 Be4 45. Ke3 Kc6 46. Kd2 Kd7 47. Kc1 Ke7 48. Kd2 f6 49. exf6+ Kxf6 50. Nd3 Bxd3 51. Kxd3 e5 52. dxe5+ Kxe5 53. Ke3 d4+ 54. Kd3 Kd5 55. Kd2 Ke4 56. Ke2 d3+ 57. Kd2 Kd4 58. Kd1 Kc3 59. Kc1 d2+ 60. Kd1 Kd3 61. f4 gxf3 62. g4 f2 63. g5 f1=Q# 0-1


[Site "https://www.chess.com"]

[Event "Titled Tuesday Blitz February 07 Late 2023"]
[White "Battlecruiser_Operational"]
[Black "Janaszak, Dawid"]
[BlackFideId "1119206"]
[WhiteElo "2371"]
[BlackElo "2316"]
[Result "0-1"]
[Round "04"]
[TimeControl "180+2"]
[Date "2023.02.07"]
[WhiteClock "0:00:04"]
[BlackClock "0:00:37"]

1. d4 d5 2. c4 e6 3. Nc3 c5 4. cxd5 exd5 5. Nf3 Nc6 6. e3 Nf6 7. Bb5 Bd6 8. dxc5 Bxc5 9. a3 O-O 10. b4 Bd6 11. Bb2 Bg4 12. Bxc6 bxc6 13. h3 Bh5 14. Qd3 a5 15. b5 Rb8 16. Nd4 Bg6 17. Qe2 cxb5 18. Nc6 Qb6 19. Nxb8 b4 20. axb4 axb4 21. Na4 Qxb8 22. Bxf6 gxf6 23. O-O b3 24. Qd2 Be5 25. Nc3 b2 26. Rad1 Bxc3 27. Qxc3 b1=Q 28. Rxb1 Bxb1 29. Qxf6 Bg6 30. h4 Qd8 31. Qf4 h5 32. Rd1 Re8 33. f3 Qa8 34. Rd2 Qa5 35. Qd4 Qa3 36. Kf2 Qe7 37. Re2 Qe6 38. Rd2 Kh7 39. g4 hxg4 40. fxg4 Be4 41. h5 Qxg4 42. h6 Rg8 43. Rd1 Qg2+ 44. Ke1 Qh2 0-1


[Site "https://www.chess.com"]

[Event "Titled Tuesday Blitz February 07 Late 2023"]
[White "Olenik Campa, Rudi"]
[Black "Fernandez Siles, Luis"]
[WhiteFideId "14633264"]
[BlackFideId "2209420"]
[WhiteElo "2356"]
[BlackElo "2218"]
[Result "1-0"]
[Round "04"]
[TimeControl "180+2"]
[Date "2023.02.07"]
[WhiteClock "0:01:06"]
[BlackClock "0:00:01"]

1. e4 c5 2. Nf3 Nc6 3. Bb5 g6 4. Bxc6 dxc6 5. d3 Bg7 6. O-O Nf6 7. a4 a5 8. Bd2 Nd7 9. Qc1 h6 10. Na3 b6 11. Nc4 Ba6 12. Ra3 Bxc4 13. dxc4 e5 14. Rd3 Qe7 15. Bc3 O-O 16. Rfd1 Nf6 17. Qe3 Ng4 18. Qe2 Qe6 19. h3 Nf6 20. Rd6 Qe8 21. Nxe5 Nh5 22. Nxc6 Bxc3 23. bxc3 Rc8 24. Na7 Rc7 25. Nb5 Re7 26. f3 Nf4 27. Qe3 g5 28. Rxh6 f6 29. Nd6 Qd7 30. Rd2 Kg7 31. Rh4 gxh4 32. Qxf4 Qe6 33. Nf5+ Kf7 34. Nxe7 Kxe7 35. Qxh4 Qe5 36. Qh7+ Rf7 37. Rd7+ Kxd7 38. Qxf7+ Kc6 39. Qd5+ 1-0


[Site "https://www.chess.com"]

[Event "Titled Tuesday Blitz February 07 Late 2023"]
[White "Aldokhin, Ivan"]
[Black "Miszler, Levente"]
[WhiteFideId "24115720"]
[BlackFideId "763276"]
[WhiteElo "2413"]
[BlackElo "2271"]
[Result "1-0"]
[Round "04"]
[TimeControl "180+2"]
[Date "2023.02.07"]
[WhiteClock "0:00:05"]
[BlackClock "0:00:26"]

1. e4 e6 2. d4 d5 3. Nc3 dxe4 4. Nxe4 Nf6 5. Nxf6+ gxf6 6. Nf3 f5 7. g3 Bg7 8. Bg2 c5 9. dxc5 Qxd1+ 10. Kxd1 Nd7 11. Be3 Bxb2 12. Rb1 Ba3 13. c6 bxc6 14. Nd4 Ba6 15. Nxc6 Rc8 16. Nxa7 Rc4 17. Nb5 Be7 18. Bf1 Rc6 19. Nd4 Bxf1 20. Rxf1 Ra6 21. Rb7 Rxa2 22. Ke2 Bc5 23. Rfb1 e5 24. Nxf5 Bxe3 25. Nxe3 Ke7 26. Rd1 Rd8 27. Kf3 Ra3 28. g4 Ke6 29. c4 e4+ 30. Kf4 Ra2 31. Kg3 h5 32. c5 h4+ 33. Kg2 f5 34. c6 f4 35. Rbxd7 Rc8 36. R1d6+ Ke5 37. Nc4# 1-0


[Site "https://www.chess.com"]

[Event "Titled Tuesday Blitz February 07 Late 2023"]
[White "Ruiz Aguilar, Pablo Alexander"]
[Black "Saveliev, Alexei"]
[WhiteFideId "4401352"]
[BlackFideId "24128546"]
[WhiteElo "2161"]
[BlackElo "2385"]
[Result "0-1"]
[Round "04"]
[TimeControl "180+2"]
[Date "2023.02.07"]
[WhiteClock "0:00:35"]
[BlackClock "0:02:26"]

1. e4 g6 2. d4 Bg7 3. Nf3 d6 4. h3 Nc6 5. c3 Nf6 6. Bd3 O-O 7. O-O Nd7 8. Bg5 h6 9. Be3 e5 10. Na3 f5 11. Nc2 f4 12. Bc1 g5 13. Nh2 Nf6 14. d5 Ne7 15. c4 h5 16. b4 Qe8 17. f3 Qg6 18. c5 g4 19. fxg4 hxg4 20. Bxf4 gxh3 21. Rf2 Ng4 22. Nxg4 Bxg4 23. Qe1 exf4 0-1


[Site "https://www.chess.com"]

[Event "Titled Tuesday Blitz February 07 Late 2023"]
[White "Schuster, Karsten"]
[Black "Indjic, Aleksandar"]
[WhiteFideId "4611071"]
[BlackFideId "911925"]
[WhiteElo "2309"]
[BlackElo "2618"]
[Result "1/2-1/2"]
[Round "04"]
[TimeControl "180+2"]
[Date "2023.02.07"]
[WhiteClock "0:00:51"]
[BlackClock "0:01:07"]

1. d4 c5 2. d5 Nf6 3. c4 g6 4. Nc3 Bg7 5. e4 d6 6. Be2 O-O 7. Bg5 e6 8. Qd2 exd5 9. exd5 Re8 10. Nf3 Bg4 11. O-O Bxf3 12. Bxf3 Nbd7 13. Rae1 a6 14. a4 Qb6 15. Bd1 Qb4 16. b3 h6 17. Bf4 Nh5 18. Rxe8+ Rxe8 19. Na2 Qxd2 20. Bxd2 Nhf6 21. f3 b5 22. axb5 axb5 23. Re1 Rxe1+ 24. Bxe1 b4 25. Bg3 Ne8 26. Nc1 Bd4+ 27. Kf1 f5 28. Ne2 Be5 29. Nf4 g5 30. Ne6 Bxg3 31. hxg3 Kf7 32. Bc2 Kf6 33. f4 g4 34. Kf2 Nb6 35. Ke3 Na8 36. Kf2 Nac7 37. Nxc7 Nxc7 38. Ke3 Ne8 39. Kf2 Kg6 40. Ke3 Nf6 41. Bd3 Ng8 42. Bc2 Ne7 43. Bd3 Kf6 44. Bc2 h5 45. Bd3 Ng6 46. Bc2 h4 47. gxh4 Nxh4 48. g3 Nf3 49. Bd1 Nd4 50. Kd3 Ke7 51. Ke3 Kf7 52. Kf2 Kg6 53. Ke3 Kh5 54. Kf2 Kg6 55. Ke3 Kf6 56. Kf2 Kf7 57. Ke3 Kf6 1/2-1/2


[Site "https://www.chess.com"]

[Event "Titled Tuesday Blitz February 07 Late 2023"]
[White "Holt, Conrad"]
[Black "Sztokbant, Bernardo Vainzoff"]
[WhiteFideId "2034387"]
[BlackFideId "2115956"]
[WhiteElo "2540"]
[BlackElo "2213"]
[Result "1-0"]
[Round "04"]
[TimeControl "180+2"]
[Date "2023.02.07"]
[WhiteClock "0:00:57"]
[BlackClock "0:00:01"]

1. d4 Nf6 2. c4 e6 3. Nc3 d5 4. cxd5 exd5 5. Bg5 c6 6. e3 Be7 7. Qc2 g6 8. Bd3 O-O 9. h4 Nbd7 10. h5 Ne4 11. Bh6 Re8 12. hxg6 hxg6 13. Nxe4 dxe4 14. Bxe4 Bb4+ 15. Kf1 Qf6 16. Nf3 Nf8 17. Bf4 Bd6 18. Bxd6 Qxd6 19. Kg1 Kg7 20. Bd3 Be6 21. Qd2 Nd7 22. e4 Rh8 23. Rxh8 Rxh8 24. Qg5 Rh5 25. Qg3 Qxg3 26. fxg3 Ra5 27. a3 Nf6 28. b4 Rh5 29. Rc1 Ng4 30. Rc5 Rh8 31. d5 Bd7 32. d6 Re8 33. e5 f6 34. exf6+ Kxf6 35. Rc4 Ne3 36. Rf4+ Kg7 37. Ng5 Bf5 38. d7 Rd8 39. Bxf5 Kf6 40. Ne4+ Ke5 41. Bh3 1-0


[Site "https://www.chess.com"]

[Event "Titled Tuesday Blitz February 07 Late 2023"]
[White "Ozen, Bahadir"]
[Black "Reprintsev, Alexander"]
[WhiteFideId "6337058"]
[BlackFideId "14100541"]
[WhiteElo "2369"]
[BlackElo "2253"]
[Result "1/2-1/2"]
[Round "04"]
[TimeControl "180+2"]
[Date "2023.02.07"]
[WhiteClock "0:01:45"]
[BlackClock "0:01:53"]

1. g3 e5 2. Bg2 d5 3. d3 Be6 4. Nf3 f6 5. c3 Qd7 6. Qb3 Nc6 7. Qxb7 Rb8 8. Qa6 Rb6 9. Qa4 h5 10. Nbd2 Nge7 11. Nb3 Ng6 12. h4 Be7 13. Be3 d4 14. cxd4 Rb4 15. Qa6 Rb6 16. Qa4 Rb4 17. Qa6 Rb6 18. Qa4 1/2-1/2


[Site "https://www.chess.com"]

[Event "Titled Tuesday Blitz February 07 Late 2023"]
[White "Karwowski, Kacper"]
[Black "Nasuta, Grzegorz"]
[WhiteFideId "1126032"]
[BlackFideId "1141686"]
[WhiteElo "2164"]
[BlackElo "2552"]
[Result "0-1"]
[Round "04"]
[TimeControl "180+2"]
[Date "2023.02.07"]
[WhiteClock "0:00:02"]
[BlackClock "0:00:05"]

1. e4 c5 2. Nf3 e6 3. d4 cxd4 4. Nxd4 a6 5. c4 Nf6 6. Bd3 Nc6 7. Nxc6 dxc6 8. O-O e5 9. Be3 Be7 10. Nc3 O-O 11. f3 Be6 12. Qc2 Nd7 13. Rfd1 Bc5 14. Qf2 Qb6 15. Bxc5 Nxc5 16. Rab1 a5 17. Be2 a4 18. Rd6 Qb4 19. Bf1 h6 20. Qc2 Rfe8 21. a3 Qb6 22. Qf2 Qa5 23. Rbd1 Nb3 24. Qe3 Qc7 25. f4 exf4 26. Qxf4 Qb6+ 27. Kh1 Qc5 28. e5 Qa5 29. R1d3 Rad8 30. Ne4 Rxd6 31. Nxd6 Re7 32. Rg3 Qe1 33. Kg1 Nc1 34. Re3 Qd2 35. Qf2 Qxf2+ 36. Kxf2 Bd7 37. Kg3 Nb3 38. Kf4 Nc5 39. Nf5 Bxf5 40. Kxf5 Rd7 41. g4 Kf8 42. h4 Ke7 43. h5 Rd4 44. g5 Ne6 0-1


[Site "https://www.chess.com"]

[Event "Titled Tuesday Blitz February 07 Late 2023"]
[White "Bjelobrk, Igor"]
[Black "Petrovic, Aleksa"]
[WhiteFideId "4300726"]
[BlackFideId "967629"]
[WhiteElo "2403"]
[BlackElo "2332"]
[Result "1-0"]
[Round "04"]
[TimeControl "180+2"]
[Date "2023.02.07"]
[WhiteClock "0:00:16"]
[BlackClock "0:00:04"]

1. d4 e6 2. c4 Nf6 3. g3 d5 4. Bg2 dxc4 5. Qa4+ Bd7 6. Qxc4 Bc6 7. Nf3 Nbd7 8. Nc3 Bd6 9. O-O O-O 10. Rd1 Nb6 11. Qd3 Nbd5 12. Ne5 Be8 13. Nc4 Be7 14. e4 Nxc3 15. bxc3 Bb5 16. a4 Ba6 17. Bf1 c5 18. Qf3 cxd4 19. cxd4 Rc8 20. Ne3 Bxf1 21. Kxf1 Qb6 22. e5 Nd7 23. Kg1 Rfd8 24. Ba3 Bxa3 25. Rxa3 Nb8 26. d5 Nd7 27. Qh5 exd5 28. Nxd5 Qe6 29. Re3 Nf8 30. Red3 Re8 31. f4 h6 32. Qf3 Nd7 33. Re1 Nc5 34. Rd2 Nxa4 35. f5 Qc6 36. f6 Nc3 37. Qg4 g6 38. Ne7+ Rxe7 39. fxe7 Re8 40. Rd8 Qc5+ 41. Kg2 Qxe7 42. Rxe8+ Qxe8 43. Qf3 Qc6 44. Qxc6 bxc6 45. Rc1 Nd5 46. Rxc6 Kg7 47. Ra6 Ne3+ 48. Kf3 Nc4 49. e6 fxe6 50. Rxe6 Nb6 51. Re7+ Kf6 52. Rxa7 Nd5 53. Ra6+ Kg7 54. h4 Nf6 55. g4 h5 56. Ra7+ Kg8 57. g5 Ng4 58. Kf4 Nf2 59. Ke5 Ng4+ 60. Ke6 Kf8 61. Rh7 Kg8 62. Ra7 Kf8 63. Rb7 Kg8 64. Rb8+ Kg7 65. Rc8 Kh7 66. Rd8 Kg7 67. Re8 Kh7 68. Kf7 Nf2 69. Re7 Nd3 70. Kf6+ Kh8 71. Kxg6 Nf4+ 72. Kh6 Nd5 73. Re8# 1-0


[Site "https://www.chess.com"]

[Event "Titled Tuesday Blitz February 07 Late 2023"]
[White "Landaw, Julian"]
[Black "Adewumi, Tanitoluwa"]
[WhiteFideId "2023342"]
[BlackFideId "30966396"]
[WhiteElo "2318"]
[BlackElo "2283"]
[Result "0-1"]
[Round "04"]
[TimeControl "180+2"]
[Date "2023.02.07"]
[WhiteClock "0:00:32"]
[BlackClock "0:00:23"]

1. e4 c6 2. d4 d5 3. exd5 cxd5 4. Bd3 Nc6 5. c3 Nf6 6. Bf4 g6 7. Nf3 Bg7 8. O-O O-O 9. Nbd2 Bf5 10. Bxf5 gxf5 11. Ne5 e6 12. Qb3 Qb6 13. Rae1 Qa6 14. Re3 Nxe5 15. Bxe5 Ng4 16. Rg3 Nxe5 17. dxe5 Kh8 18. f4 Qe2 19. Nf3 Qe3+ 20. Kh1 Qxf4 21. Qxb7 Bxe5 22. Re1 Bf6 23. Rh3 Qg4 24. Rxe6 Rab8 25. Qd7 Rxb2 26. Rxf6 Qxg2# 0-1


[Site "https://www.chess.com"]

[Event "Titled Tuesday Blitz February 07 Late 2023"]
[White "Zochowski, Kacper"]
[Black "Gutenev, Alexander"]
[WhiteFideId "1125494"]
[BlackFideId "4195540"]
[WhiteElo "2262"]
[BlackElo "2455"]
[Result "0-1"]
[Round "04"]
[TimeControl "180+2"]
[Date "2023.02.07"]
[WhiteClock "0:00:16"]
[BlackClock "0:00:53"]

1. Nf3 f5 2. d3 d6 3. e4 e5 4. Nc3 Nf6 5. exf5 Bxf5 6. d4 e4 7. Nh4 Qd7 8. d5 Be7 9. Bb5 c6 10. Bc4 Bg4 11. Qd2 Nxd5 12. Bxd5 cxd5 13. Qxd5 Bxh4 14. Nxe4 Be7 15. Bg5 Be6 16. Qd4 Bxg5 17. Nxg5 O-O 18. O-O-O Nc6 19. Qxd6 Qxd6 20. Rxd6 Bf5 21. Re1 Rad8 22. Rxd8 Rxd8 23. c3 h6 24. Nf3 Kf7 25. b4 a6 26. a4 Re8 27. Rd1 Re2 28. b5 axb5 29. axb5 Rc2+ 30. Kb1 Na5 31. Nd4 Rd2+ 32. Kc1 Rxd1+ 33. Kxd1 Be4 34. f3 Bd5 35. Kd2 Kf6 36. Ke3 g5 37. Nc2 Ke5 38. Nb4 Bc4 39. b6 Be6 40. Nd3+ Kd6 41. f4 Nc4+ 42. Kd4 Nxb6 43. fxg5 hxg5 44. Ne5 Nd7 45. Nf3 g4 46. Nd2 Bf5 47. c4 Ne5 48. c5+ Ke6 49. Nf1 Nc6+ 50. Kc4 Ke5 51. Ne3 Be6+ 52. Kb5 Ke4 53. Nf1 Nd4+ 54. Kb6 Bd5 55. h3 gxh3 56. gxh3 Kf3 57. Nd2+ Kg3 58. Nb1 Kxh3 59. Nc3 Bc6 60. Na2 Kg4 61. Nb4 Kf5 62. Nd3 Ke4 63. Nf2+ Kd5 64. Nd3 Ke6 65. Nb4 Kd7 66. Nd3 Kc8 67. Ne5 Bd5 68. Nd3 Nc6 69. Nf4 Be4 70. Ne6 Nb8 71. Nd4 Bc6 72. Nf5 Nd7+ 73. Ka5 Nxc5 74. Nd6+ Kc7 75. Nxb7 Nxb7+ 76. Kb4 Kd6 77. Kc4 Bd5+ 78. Kb4 Kc6 79. Kc3 Kc5 80. Kb2 Nd6 81. Ka3 Kb5 82. Kb2 Kb4 83. Kc2 Nc4 84. Kb1 Kc3 85. Ka1 Ne3 86. Kb1 Nc2 87. Kc1 Ba2 88. Kd1 Nd4 89. Kc1 Ne2+ 90. Kd1 Kd3 91. Ke1 Ke3 92. Kd1 Bb3+ 93. Ke1 Bc2 94. Kf1 Nf4 95. Ke1 Ng2+ 96. Kf1 Kf3 97. Kg1 Kg3 98. Kf1 Bd3+ 99. Kg1 Be2 100. Kh1 Nf4 101. Kg1 Nh3+ 102. Kh1 Bf3# 0-1


[Site "https://www.chess.com"]

[Event "Titled Tuesday Blitz February 07 Late 2023"]
[White "Roux, Baptiste"]
[Black "EREBUNI91"]
[WhiteFideId "36017450"]
[WhiteElo "2300"]
[BlackElo "2759"]
[Result "0-1"]
[Round "04"]
[TimeControl "180+2"]
[Date "2023.02.07"]
[WhiteClock "0:00:02"]
[BlackClock "0:01:13"]

1. e4 c5 2. Nf3 d6 3. g3 g6 4. Bg2 Bg7 5. d3 Nc6 6. O-O e6 7. Re1 Nge7 8. Nbd2 O-O 9. h4 e5 10. h5 Bg4 11. Nf1 Bxh5 12. N1h2 f5 13. exf5 gxf5 14. Bg5 Qd7 15. Qd2 Ng6 16. c3 f4 17. d4 cxd4 18. cxd4 Qf5 19. dxe5 dxe5 20. Qd5+ Kh8 21. gxf4 Nxf4 22. Bxf4 Qxf4 23. Re4 Qf5 24. Rae1 Nd4 25. Nxd4 Qxf2+ 26. Kh1 Rad8 27. Qb5 Rxd4 28. Rf1 Rd1 29. Ra4 Be2 0-1


[Site "https://www.chess.com"]

[Event "Titled Tuesday Blitz February 07 Late 2023"]
[White "Przybylski, Wojciech"]
[Black "Nazari, Arad"]
[WhiteFideId "1117599"]
[BlackFideId "12577324"]
[WhiteElo "2321"]
[BlackElo "2367"]
[Result "1-0"]
[Round "04"]
[TimeControl "180+2"]
[Date "2023.02.07"]
[WhiteClock "0:00:17"]
[BlackClock "0:00:02"]

1. e4 c5 2. Nf3 d6 3. d4 cxd4 4. Nxd4 Nf6 5. Nc3 a6 6. Be3 e5 7. Nb3 Be6 8. Be2 Be7 9. O-O O-O 10. f3 a5 11. a4 Nc6 12. Nb5 d5 13. Nc5 d4 14. Nxe6 fxe6 15. Bf2 Nd7 16. Bc4 Nc5 17. Kh1 Rf6 18. c3 dxc3 19. bxc3 Rh6 20. Qxd8+ Rxd8 21. Rfd1 Rxd1+ 22. Rxd1 Nxa4 23. Rd7 Bc5 24. Bg3 b6 25. Nc7 Kf8 26. Bb5 Nxc3 27. Bxc6 a4 28. Be1 Ne2 29. Bxa4 g5 30. Rd8+ Ke7 31. Rd7+ Kf8 32. Bd1 Nd4 33. Bd2 Rh5 34. f4 Rh4 35. g3 Rh6 36. fxg5 1-0


[Site "https://www.chess.com"]

[Event "Titled Tuesday Blitz February 07 Late 2023"]
[White "Haydon, David L"]
[Black "Estrada Nieto, Julian"]
[WhiteFideId "415405"]
[BlackFideId "5101018"]
[WhiteElo "2253"]
[BlackElo "2215"]
[Result "1-0"]
[Round "04"]
[TimeControl "180+2"]
[Date "2023.02.07"]
[WhiteClock "0:01:41"]
[BlackClock "0:00:04"]

1. e4 e5 2. Nc3 Nf6 3. Nf3 Nc6 4. d4 exd4 5. Nxd4 Bb4 6. Nxc6 bxc6 7. Bd3 d5 8. exd5 O-O 9. dxc6 Qe8+ 10. Be2 Qxc6 11. O-O Bxc3 12. Bf3 Qa4 13. bxc3 Rb8 14. Qd4 Qxc2 15. Bg5 Qf5 16. Bxf6 Qxf6 17. Qxa7 Bf5 18. Qxc7 Rbc8 19. Qa5 Rxc3 20. Rac1 Rxf3 21. gxf3 Bh3 22. Qc7 Qxf3 23. Qg3 Qxg3+ 24. fxg3 Bxf1 25. Kxf1 Ra8 26. Ra1 Ra3 27. Ke2 f5 28. Kd2 Kf7 29. Kc2 Ke6 30. Kb2 Rf3 31. a4 Rf2+ 32. Kc3 Kd5 33. a5 Rf3+ 34. Kb4 Kc6 35. a6 1-0


[Site "https://www.chess.com"]

[Event "Titled Tuesday Blitz February 07 Late 2023"]
[White "Romanchuk, Viktor"]
[Black "reevecanada"]
[WhiteFideId "14109271"]
[WhiteElo "2266"]
[BlackElo "2474"]
[Result "0-1"]
[Round "04"]
[TimeControl "180+2"]
[Date "2023.02.07"]
[WhiteClock "0:00:04"]
[BlackClock "0:00:49"]

1. d4 Nf6 2. c4 g6 3. Nc3 d5 4. Nf3 Bg7 5. Bf4 O-O 6. Rc1 a6 7. e3 c5 8. dxc5 Qa5 9. cxd5 Ne4 10. Be5 Nxc3 11. Bxc3 Bxc3+ 12. Rxc3 Qxa2 13. Qd2 Rd8 14. Bc4 Qa5 15. Be2 Nd7 16. Qd4 Nf6 17. e4 Qa1+ 18. Bd1 Qxb2 19. Rc4 Qxd4 20. Rxd4 e6 21. Bb3 exd5 22. exd5 b6 23. cxb6 Bb7 24. O-O Rd6 25. Ne5 Rxb6 26. Ba2 Rd8 27. d6 Rbxd6 28. Nxf7 Rxd4 29. Nxd8+ Kh8 30. Nxb7 Ne4 31. Ra1 Ra4 32. f3 Nc3 33. Nc5 Ra3 34. Rc1 Ne2+ 35. Kf2 Nxc1 0-1


[Site "https://www.chess.com"]

[Event "Titled Tuesday Blitz February 07 Late 2023"]
[White "Korchmar, Vasiliy"]
[Black "Flynn, Jacob"]
[WhiteFideId "24131750"]
[BlackFideId "2509393"]
[WhiteElo "2438"]
[BlackElo "2102"]
[Result "1-0"]
[Round "04"]
[TimeControl "180+2"]
[Date "2023.02.07"]
[WhiteClock "0:00:10"]
[BlackClock "0:00:03"]

1. e4 e5 2. Nf3 Nc6 3. Bc4 Nf6 4. d3 Bc5 5. c3 a6 6. Bg5 d6 7. Nbd2 Ba7 8. O-O h6 9. Bh4 Qe7 10. Re1 g5 11. Bg3 O-O 12. Nf1 Na5 13. Ne3 Nxc4 14. dxc4 Be6 15. Qd3 Bxe3 16. fxe3 Nd7 17. Nd2 f5 18. exf5 Nc5 19. Qe2 Bxf5 20. e4 Bg6 21. Bf2 Ne6 22. Be3 Kg7 23. Rf1 Rxf1+ 24. Rxf1 b6 25. b4 a5 26. a3 axb4 27. axb4 Ra3 28. Nb1 Ra1 29. Qb2 Ra8 30. Nd2 Rf8 31. Ra1 Nf4 32. Ra7 Ne2+ 33. Kh1 Bxe4 34. Bxb6 Kg6 35. Bg1 Bc6 36. Qb1+ Kg7 37. b5 Ba8 38. b6 Qf6 39. Rxc7+ Rf7 40. b7 Bxb7 41. Rxb7 Nxc3 42. Rxf7+ Qxf7 43. Qd3 Nd1 44. Qxd6 Nf2+ 45. Bxf2 Qxf2 46. Qxe5+ Kg6 47. Qe4+ Kg7 48. Nf3 Qf1+ 49. Ng1 h5 50. Qe5+ Kg6 51. c5 h4 52. Qd6+ Kh5 53. h3 1-0


[Site "https://www.chess.com"]